[ AOE2 MATCH · #467398647 ]
UnrankedMagyars vs Dravidians
[ REPLAY ANALYSIS · EXTRACTED FROM THE RECORDED GAME ]
Feudal
16:48
Castle
—
Imperial
—
| APM avg | 43.6 |
| APM peak | 93 |
| eAPM avg | 13.9 |
| Villagers / military | 38 / 17 |
Focus
⚔️ 23.9% · 🌾 76.1%
Scout Cavalry ×17
Feudal
8:27
Castle
24:58
Imperial
—
| APM avg | 56.8 |
| APM peak | 92 |
| eAPM avg | 20.1 |
| Villagers / military | 66 / 41 |
Focus
⚔️ 30.5% · 🌾 69.5%
Scout Cavalry ×21 · Camel Scout ×18 · Monk ×1 · Spearman ×1
Feudal
9:16
Castle
24:11
Imperial
—
| APM avg | 72.3 |
| APM peak | 107 |
| eAPM avg | 29.4 |
| Villagers / military | 86 / 82 |
Focus
⚔️ 35.0% · 🌾 65.0%
Archer ×39 · Skirmisher ×25 · Spearman ×18
Feudal
10:06
Castle
27:28
Imperial
—
| APM avg | 33.5 |
| APM peak | 79 |
| eAPM avg | 14.5 |
| Villagers / military | 49 / 33 |
Focus
⚔️ 32.6% · 🌾 67.4%
Scout Cavalry ×30 · Spearman ×3
Feudal
9:33
Castle
24:20
Imperial
—
| APM avg | 38.3 |
| APM peak | 76 |
| eAPM avg | 13.0 |
| Villagers / military | 68 / 47 |
Focus
⚔️ 29.6% · 🌾 70.4%
Knight ×26 · Scout Cavalry ×21
Feudal
9:31
Castle
23:25
Imperial
—
| APM avg | 41.5 |
| APM peak | 76 |
| eAPM avg | 15.3 |
| Villagers / military | 79 / 78 |
Focus
⚔️ 34.0% · 🌾 66.0%
Scout Cavalry ×56 · Knight ×22
Feudal
9:07
Castle
28:21
Imperial
—
| APM avg | 46.8 |
| APM peak | 98 |
| eAPM avg | 15.9 |
| Villagers / military | 51 / 54 |
Focus
⚔️ 35.6% · 🌾 64.4%
Archer ×45 · Skirmisher ×7 · Spearman ×2
Feudal
17:10
Castle
29:37
Imperial
—
| APM avg | 49.2 |
| APM peak | 106 |
| eAPM avg | 25.4 |
| Villagers / military | 74 / 61 |
Focus
⚔️ 27.6% · 🌾 72.4%
Archer ×61
Match map
Initial resources + every placement click. Lines = walls · curves = elevation contours. ◆ gold · ⬟ stone · ● berries · ✦ relic · ◌ wall gap
Your base· Open — unwalled flank
caizhi's base
菊市有大便's base
[CL] Marcianeke's base
柠檬头的喜悦's base
93老玩家回归's base
Ypsilon's base
張真源's base
Smoothed initial terrain · ◌ = detected wall gap · hover for details
Inputs per minute
— Burgeri - - caizhi
Build order — Burgeri
108 actions detected in the replay
| 0:01 | Create | Villager (Male) |
| 0:01 | Create | Villager (Male) |
| 0:03 | Build | House |
| 0:05 | Build | House |
| 0:18 | Create | Villager (Male) |
| 0:18 | Create | Villager (Male) |
| 0:18 | Create | Villager (Male) |
| 1:29 | Research | Loom |
| 1:30 | Create | Villager (Male) |
| 2:56 | Create | Villager (Male) |
| 2:56 | Create | Villager (Male) |
| 2:57 | Create | Villager (Male) |
| 2:57 | Create | Villager (Male) |
| 2:59 | Build | Palisade Wall |
| 3:06 | Build | Palisade Wall |
| 3:12 | Build | Palisade Wall |
| 3:14 | Build | Palisade Wall |
| 3:15 | Build | Palisade Wall |
| 3:24 | Create | Villager (Male) |
| 3:47 | Create | Villager (Male) |
| 4:07 | Create | Villager (Male) |
| 4:09 | Build | Mill |
| 4:52 | Create | Villager (Male) |
| 5:10 | Create | Villager (Male) |
| 5:33 | Build | House |
| 5:40 | Create | Villager (Male) |
| 5:40 | Create | Villager (Male) |
| 6:20 | Build | Lumber Camp |
| 7:01 | Create | Villager (Male) |
| 7:01 | Create | Villager (Male) |
| 7:02 | Create | Villager (Male) |
| 7:18 | Build | Mill |
| 10:17 | Create | Villager (Male) |
| 10:17 | Create | Villager (Male) |
| 11:21 | Build | Farm |
| 11:22 | Build | Farm |
| 11:24 | Build | Farm |
| 11:25 | Build | Farm |
| 12:20 | Create | Villager (Male) |
| 12:37 | Build | Farm |
| 12:38 | Build | Farm |
| 12:38 | Build | Farm |
| 12:50 | Build | Farm |
| 13:10 | Build | Farm |
| 14:38 | Research | Feudal Age |
| 15:38 | Build | Barracks |
| 15:46 | Build | Palisade Wall |
| 15:47 | Build | Palisade Wall |
| 15:48 | Build | Palisade Wall |
| 16:39 | Create | Villager (Male) |
| 16:39 | Create | Villager (Male) |
| 16:48 | Age | Feudal Age |
| 16:52 | Build | Stable |
| 17:04 | Research | Double-Bit Axe |
| 17:04 | Research | Double-Bit Axe |
| 17:11 | Build | House |
| 17:38 | Create | Villager (Male) |
| 17:48 | Create | Scout Cavalry |
| 17:49 | Create | Scout Cavalry |
| 17:49 | Create | Scout Cavalry |
| 17:49 | Create | Scout Cavalry |
| 17:53 | Build | House |
| 17:58 | Build | House |
| 18:19 | Create | Villager (Male) |
| 18:23 | Build | Farm |
| 18:44 | Build | Farm |
| 18:49 | Create | Villager (Male) |
| 18:55 | Build | Farm |
| 18:59 | Build | Farm |
| 19:14 | Build | Farm |
| 19:16 | Create | Villager (Male) |
| 19:18 | Create | Scout Cavalry |
| 19:45 | Create | Villager (Male) |
| 19:51 | Create | Scout Cavalry |
| 19:52 | Create | Scout Cavalry |
| 20:29 | Create | Villager (Male) |
| 20:31 | Create | Scout Cavalry |
| 20:45 | Build | Blacksmith |
| 20:50 | Create | Scout Cavalry |
| 21:01 | Create | Villager (Male) |
| 21:05 | Build | Farm |
| 21:25 | Create | Villager (Male) |
| 21:32 | Create | Scout Cavalry |
| 21:36 | Build | Farm |
| 21:50 | Build | Farm |
| 22:15 | Research | Scale Barding Armor |
| 22:37 | Build | Farm |
| 22:37 | Build | Farm |
| 23:39 | Create | Villager (Male) |
| 23:39 | Create | Scout Cavalry |
| 23:40 | Create | Scout Cavalry |
| 24:01 | Create | Villager (Male) |
| 24:06 | Build | Stable |
| 24:22 | Build | Mill |
| 24:23 | Build | Farm |
| 24:23 | Build | Farm |
| 24:23 | Build | Farm |
| 24:23 | Build | Farm |
| 24:23 | Build | Farm |
| 24:24 | Build | Farm |
| 24:35 | Create | Villager (Male) |
| 24:47 | Create | Villager (Male) |
| 25:06 | Create | Villager (Male) |
| 25:07 | Create | Scout Cavalry |
| 26:00 | Create | Scout Cavalry |
| 26:38 | Create | Scout Cavalry |
| 26:38 | Create | Scout Cavalry |
| 26:38 | Create | Scout Cavalry |
Build order — caizhi
First 150 of 206 actions detected
| 0:02 | Create | Villager (Male) |
| 0:02 | Create | Villager (Male) |
| 0:03 | Build | House |
| 0:05 | Build | House |
| 0:16 | Create | Villager (Male) |
| 0:17 | Create | Villager (Male) |
| 1:05 | Create | Villager (Male) |
| 1:29 | Create | Villager (Male) |
| 1:49 | Build | Lumber Camp |
| 2:08 | Create | Villager (Male) |
| 2:09 | Create | Villager (Male) |
| 2:18 | Create | Villager (Male) |
| 3:01 | Create | Villager (Male) |
| 3:15 | Build | House |
| 3:33 | Create | Villager (Male) |
| 3:33 | Create | Villager (Male) |
| 3:34 | Create | Villager (Male) |
| 3:48 | Create | Villager (Male) |
| 3:48 | Create | Villager (Male) |
| 4:04 | Create | Villager (Male) |
| 4:21 | Create | Villager (Male) |
| 5:07 | Build | Mill |
| 5:15 | Build | House |
| 5:46 | Create | Villager (Male) |
| 6:10 | Research | Feudal Age |
| 7:30 | Build | Barracks |
| 7:52 | Create | Villager (Male) |
| 8:27 | Age | Feudal Age |
| 8:29 | Create | Villager (Male) |
| 8:30 | Build | Stable |
| 8:43 | Research | Double-Bit Axe |
| 8:44 | Research | Double-Bit Axe |
| 8:57 | Create | Villager (Male) |
| 9:03 | Research | Horse Collar |
| 9:03 | Research | Horse Collar |
| 9:10 | Create | Scout Cavalry |
| 9:18 | Research | Loom |
| 9:28 | Build | House |
| 9:29 | Create | Scout Cavalry |
| 9:36 | Build | Farm |
| 9:37 | Build | Farm |
| 9:43 | Build | Farm |
| 9:53 | Create | Villager (Male) |
| 9:57 | Build | Farm |
| 10:06 | Build | House |
| 10:26 | Build | Farm |
| 10:28 | Build | Farm |
| 10:28 | Create | Villager (Male) |
| 10:39 | Build | Farm |
| 11:07 | Create | Villager (Male) |
| 11:11 | Build | Farm |
| 11:11 | Build | Farm |
| 11:16 | Build | Farm |
| 11:20 | Create | Villager (Male) |
| 11:34 | Create | Villager (Male) |
| 11:40 | Build | Farm |
| 11:51 | Create | Scout Cavalry |
| 12:04 | Create | Villager (Male) |
| 12:12 | Build | Farm |
| 12:15 | Build | Farm |
| 12:25 | Create | Scout Cavalry |
| 12:36 | Create | Villager (Male) |
| 12:45 | Create | Villager (Male) |
| 12:49 | Build | House |
| 12:49 | Build | House |
| 13:00 | Build | Farm |
| 13:11 | Create | Villager (Male) |
| 13:20 | Build | House |
| 13:35 | Create | Villager (Male) |
| 13:38 | Create | Scout Cavalry |
| 13:57 | Create | Villager (Male) |
| 14:00 | Build | Farm |
| 14:09 | Create | Villager (Male) |
| 14:11 | Create | Scout Cavalry |
| 14:16 | Build | Farm |
| 14:22 | Create | Scout Cavalry |
| 14:25 | Build | House |
| 14:26 | Build | House |
| 14:31 | Create | Scout Cavalry |
| 14:44 | Create | Villager (Male) |
| 15:04 | Create | Scout Cavalry |
| 15:26 | Create | Scout Cavalry |
| 15:30 | Build | Stable |
| 15:33 | Build | Blacksmith |
| 15:38 | Create | Spearman |
| 15:46 | Create | Scout Cavalry |
| 15:52 | Create | Villager (Male) |
| 15:58 | Build | Farm |
| 15:59 | Build | Farm |
| 15:59 | Build | Farm |
| 16:12 | Create | Scout Cavalry |
| 16:17 | Create | Villager (Male) |
| 16:33 | Build | House |
| 16:35 | Build | Palisade Wall |
| 16:49 | Create | Villager (Male) |
| 16:53 | Create | Villager (Male) |
| 17:15 | Create | Villager (Male) |
| 17:22 | Create | Scout Cavalry |
| 17:29 | Research | Scale Barding Armor |
| 17:30 | Research | Scale Barding Armor |
| 17:31 | Create | Villager (Male) |
| 17:34 | Build | Mill |
| 17:34 | Build | Farm |
| 17:35 | Build | Farm |
| 17:35 | Build | Farm |
| 17:35 | Build | Farm |
| 17:35 | Build | Farm |
| 17:39 | Create | Villager (Male) |
| 17:52 | Build | Farm |
| 17:52 | Build | Farm |
| 17:59 | Create | Scout Cavalry |
| 18:08 | Create | Scout Cavalry |
| 18:16 | Build | House |
| 18:20 | Build | Market |
| 18:22 | Build | Palisade Wall |
| 18:29 | Create | Scout Cavalry |
| 18:29 | Create | Scout Cavalry |
| 18:31 | Create | Villager (Male) |
| 18:34 | Build | Farm |
| 18:36 | Build | Mining Camp |
| 18:37 | Create | Villager (Male) |
| 19:00 | Build | House |
| 19:06 | Build | House |
| 19:09 | Create | Villager (Male) |
| 19:20 | Create | Scout Cavalry |
| 19:20 | Create | Scout Cavalry |
| 19:22 | Create | Villager (Male) |
| 19:31 | Create | Villager (Male) |
| 19:49 | Build | Farm |
| 20:00 | Create | Villager (Male) |
| 20:05 | Build | Farm |
| 20:08 | Create | Villager (Male) |
| 20:40 | Build | House |
| 20:43 | Build | House |
| 21:03 | Research | Wheelbarrow |
| 21:16 | Build | Farm |
| 21:34 | Build | House |
| 21:46 | Research | Castle Age |
| 21:46 | Research | Castle Age |
| 21:46 | Research | Castle Age |
| 22:14 | Build | Farm |
| 22:27 | Research | Forging |
| 22:27 | Research | Forging |
| 22:46 | Create | Villager (Male) |
| 23:00 | Build | Lumber Camp |
| 23:03 | Create | Villager (Male) |
| 23:28 | Create | Scout Cavalry |
| 23:29 | Create | Scout Cavalry |
| 23:58 | Build | Farm |
| 23:59 | Build | Farm |
Build order — 菊市有大便
First 150 of 237 actions detected
| 0:01 | Create | Villager (Male) |
| 0:02 | Build | House |
| 0:03 | Build | House |
| 0:06 | Create | Villager (Male) |
| 0:07 | Create | Villager (Male) |
| 0:09 | Create | Villager (Male) |
| 0:10 | Create | Villager (Male) |
| 1:27 | Create | Villager (Male) |
| 1:28 | Create | Villager (Male) |
| 2:05 | Create | Villager (Male) |
| 2:26 | Create | Villager (Male) |
| 2:27 | Create | Villager (Male) |
| 2:52 | Create | Villager (Male) |
| 2:52 | Create | Villager (Male) |
| 2:59 | Build | Lumber Camp |
| 3:16 | Create | Villager (Male) |
| 3:19 | Create | Villager (Male) |
| 3:19 | Create | Villager (Male) |
| 3:32 | Build | House |
| 3:55 | Create | Villager (Male) |
| 3:55 | Create | Villager (Male) |
| 4:54 | Create | Villager (Male) |
| 4:55 | Create | Villager (Male) |
| 4:55 | Create | Villager (Male) |
| 5:00 | Create | Villager (Male) |
| 5:00 | Create | Villager (Male) |
| 5:38 | Build | Mill |
| 5:38 | Create | Villager (Male) |
| 6:32 | Research | Loom |
| 6:33 | Research | Loom |
| 7:00 | Research | Feudal Age |
| 7:00 | Research | Feudal Age |
| 7:27 | Create | Villager (Male) |
| 8:03 | Build | House |
| 8:30 | Build | Barracks |
| 9:05 | Create | Villager (Male) |
| 9:16 | Age | Feudal Age |
| 9:17 | Build | Archery Range |
| 9:23 | Research | Double-Bit Axe |
| 9:23 | Research | Double-Bit Axe |
| 9:25 | Create | Spearman |
| 9:42 | Create | Villager (Male) |
| 9:46 | Build | House |
| 9:50 | Build | House |
| 9:51 | Build | House |
| 9:59 | Create | Skirmisher |
| 10:00 | Create | Skirmisher |
| 10:00 | Create | Skirmisher |
| 10:00 | Create | Skirmisher |
| 10:01 | Create | Skirmisher |
| 10:03 | Create | Spearman |
| 10:03 | Create | Spearman |
| 10:04 | Create | Spearman |
| 10:04 | Create | Spearman |
| 10:09 | Build | House |
| 10:18 | Create | Villager (Male) |
| 10:18 | Create | Villager (Male) |
| 10:36 | Build | House |
| 10:41 | Create | Villager (Male) |
| 10:41 | Create | Villager (Male) |
| 10:42 | Create | Villager (Male) |
| 10:48 | Build | Farm |
| 10:55 | Create | Skirmisher |
| 11:35 | Create | Spearman |
| 11:36 | Create | Spearman |
| 11:49 | Create | Villager (Male) |
| 11:49 | Create | Villager (Male) |
| 12:00 | Create | Skirmisher |
| 12:00 | Create | Skirmisher |
| 12:10 | Create | Villager (Male) |
| 12:10 | Create | Villager (Male) |
| 12:14 | Build | Farm |
| 12:15 | Build | Farm |
| 12:16 | Build | Farm |
| 12:41 | Create | Spearman |
| 12:56 | Create | Skirmisher |
| 12:56 | Create | Skirmisher |
| 13:03 | Build | Farm |
| 13:04 | Build | Farm |
| 13:07 | Create | Spearman |
| 13:07 | Create | Spearman |
| 13:20 | Build | Farm |
| 13:24 | Build | Farm |
| 13:29 | Create | Villager (Male) |
| 13:29 | Create | Villager (Male) |
| 13:37 | Create | Villager (Male) |
| 13:37 | Create | Villager (Male) |
| 13:50 | Create | Spearman |
| 13:50 | Create | Spearman |
| 14:10 | Create | Villager (Male) |
| 14:10 | Create | Villager (Male) |
| 14:10 | Create | Villager (Male) |
| 14:12 | Build | Farm |
| 14:13 | Build | Farm |
| 14:14 | Build | Farm |
| 14:27 | Create | Villager (Male) |
| 14:27 | Create | Villager (Male) |
| 14:35 | Build | Blacksmith |
| 14:40 | Create | Skirmisher |
| 14:41 | Create | Skirmisher |
| 15:11 | Create | Villager (Male) |
| 15:15 | Build | House |
| 15:15 | Build | House |
| 15:20 | Create | Skirmisher ×3 |
| 15:20 | Create | Skirmisher ×3 |
| 15:35 | Research | Fletching |
| 15:35 | Research | Fletching |
| 15:39 | Build | Farm |
| 15:45 | Build | Farm |
| 15:46 | Build | Farm |
| 15:52 | Create | Villager (Male) |
| 15:52 | Create | Villager (Male) |
| 15:59 | Create | Villager (Male) |
| 16:00 | Create | Villager (Male) |
| 16:08 | Create | Villager (Male) |
| 16:16 | Build | Farm |
| 16:18 | Build | Farm |
| 16:23 | Create | Villager (Male) |
| 16:24 | Create | Villager (Male) |
| 16:26 | Build | Farm |
| 16:27 | Create | Villager (Male) |
| 16:27 | Create | Villager (Male) |
| 16:45 | Create | Villager (Male) |
| 16:46 | Create | Villager (Male) |
| 16:51 | Build | Farm |
| 16:55 | Build | Farm |
| 17:25 | Create | Villager (Male) |
| 17:27 | Create | Spearman |
| 17:27 | Create | Spearman |
| 17:28 | Build | Farm |
| 17:43 | Create | Villager (Male) |
| 17:45 | Create | Skirmisher |
| 17:45 | Create | Skirmisher |
| 17:48 | Build | Farm |
| 17:49 | Build | Farm |
| 18:01 | Create | Villager (Male) |
| 18:12 | Create | Villager (Male) |
| 18:14 | Create | Villager (Male) |
| 18:14 | Create | Villager (Male) |
| 18:20 | Build | Palisade Wall |
| 18:34 | Build | Palisade Wall |
| 18:38 | Create | Spearman |
| 18:39 | Create | Spearman |
| 18:39 | Create | Spearman |
| 18:53 | Create | Villager (Male) |
| 18:57 | Build | Mining Camp |
| 19:02 | Build | Palisade Wall |
| 19:29 | Create | Spearman |
| 19:41 | Create | Villager (Male) |
| 19:47 | Build | House |
Build order — [CL] Marcianeke
First 150 of 168 actions detected
| 0:01 | Create | Villager (Male) |
| 0:02 | Create | Villager (Male) |
| 0:03 | Build | House |
| 0:04 | Build | House |
| 0:07 | Create | Villager (Male) |
| 0:17 | Create | Villager (Male) |
| 1:36 | Create | Villager (Male) |
| 1:37 | Create | Villager (Male) |
| 2:10 | Create | Villager (Male) |
| 2:10 | Create | Villager (Male) |
| 2:11 | Build | Lumber Camp |
| 2:30 | Create | Villager (Male) |
| 2:52 | Create | Villager (Male) |
| 3:11 | Create | Villager (Male) |
| 3:22 | Create | Villager (Male) |
| 3:52 | Create | Villager (Male) |
| 4:02 | Build | Mill |
| 4:36 | Build | House |
| 4:39 | Research | Loom |
| 5:23 | Create | Villager (Male) |
| 5:50 | Create | Villager (Male) |
| 6:09 | Create | Villager (Male) |
| 6:20 | Create | Villager (Male) |
| 7:04 | Create | Villager (Male) |
| 7:28 | Create | Villager (Male) |
| 7:51 | Build | Mill |
| 7:56 | Research | Feudal Age |
| 8:19 | Build | Barracks |
| 8:26 | Build | Barracks |
| 8:55 | Build | House |
| 10:04 | Create | Villager (Male) |
| 10:06 | Age | Feudal Age |
| 10:07 | Build | Stable |
| 10:13 | Create | Villager (Male) |
| 10:25 | Build | Stable |
| 10:37 | Build | Farm |
| 10:39 | Build | Farm |
| 10:42 | Build | Farm |
| 10:51 | Create | Scout Cavalry |
| 10:52 | Create | Scout Cavalry |
| 10:52 | Create | Scout Cavalry |
| 10:56 | Create | Villager (Male) |
| 10:58 | Build | Farm |
| 11:03 | Create | Villager (Male) |
| 11:09 | Build | House |
| 11:26 | Build | House |
| 11:29 | Research | Double-Bit Axe |
| 11:42 | Build | House |
| 11:44 | Build | Palisade Wall |
| 11:58 | Create | Scout Cavalry |
| 12:05 | Build | Farm |
| 12:05 | Create | Villager (Male) |
| 12:15 | Build | Farm |
| 12:19 | Build | Farm |
| 12:23 | Build | Farm |
| 12:30 | Create | Villager (Male) |
| 12:40 | Build | Farm |
| 12:46 | Build | Farm |
| 12:48 | Create | Villager (Male) |
| 13:03 | Create | Villager (Male) |
| 13:14 | Build | Farm |
| 13:15 | Create | Villager (Male) |
| 13:25 | Create | Scout Cavalry |
| 13:44 | Create | Scout Cavalry |
| 13:48 | Create | Villager (Male) |
| 13:50 | Build | Farm |
| 13:54 | Build | Farm |
| 14:02 | Build | Blacksmith |
| 14:07 | Build | Palisade Wall |
| 14:09 | Create | Villager (Male) |
| 14:13 | Create | Scout Cavalry |
| 14:14 | Create | Villager (Male) |
| 14:18 | Create | Villager (Male) |
| 14:18 | Create | Villager (Male) |
| 14:41 | Build | Palisade Wall |
| 14:52 | Research | Forging |
| 14:57 | Build | Farm |
| 14:59 | Build | Farm |
| 15:03 | Create | Villager (Male) |
| 15:03 | Create | Villager (Male) |
| 15:16 | Create | Scout Cavalry |
| 15:18 | Build | Farm |
| 15:31 | Create | Villager (Male) |
| 15:34 | Build | Farm |
| 15:39 | Build | Palisade Wall |
| 15:48 | Create | Villager (Male) |
| 16:08 | Create | Scout Cavalry |
| 16:08 | Create | Villager (Male) |
| 16:11 | Build | Farm |
| 16:19 | Build | Farm |
| 16:27 | Build | House |
| 16:35 | Research | Scale Barding Armor |
| 16:36 | Research | Scale Barding Armor |
| 16:40 | Create | Scout Cavalry |
| 16:48 | Build | Farm |
| 16:53 | Create | Villager (Male) |
| 16:56 | Build | House |
| 17:18 | Build | Farm |
| 17:18 | Build | Farm |
| 17:18 | Build | Farm |
| 17:19 | Build | Farm |
| 17:19 | Build | Farm |
| 17:35 | Create | Scout Cavalry |
| 17:41 | Build | Farm |
| 17:43 | Build | House |
| 17:44 | Build | House |
| 17:48 | Build | Palisade Wall |
| 17:53 | Create | Scout Cavalry |
| 17:56 | Build | House |
| 18:04 | Build | Farm |
| 18:15 | Create | Villager (Male) |
| 18:27 | Create | Villager (Male) |
| 18:38 | Create | Scout Cavalry |
| 18:44 | Create | Spearman |
| 19:12 | Build | House |
| 19:15 | Build | House |
| 19:18 | Build | Palisade Wall |
| 19:24 | Build | Palisade Wall |
| 19:28 | Build | Palisade Gate |
| 20:15 | Create | Scout Cavalry |
| 20:21 | Build | Palisade Wall |
| 20:28 | Research | Wheelbarrow |
| 20:33 | Create | Spearman |
| 20:54 | Build | Mining Camp |
| 20:59 | Create | Spearman |
| 21:06 | Research | Town Watch |
| 21:08 | Create | Villager (Male) |
| 21:17 | Build | Farm |
| 21:19 | Build | Farm |
| 21:19 | Create | Villager (Male) |
| 21:22 | Build | Palisade Wall |
| 21:39 | Build | Market |
| 21:41 | Create | Villager (Male) |
| 21:46 | Create | Villager (Male) |
| 21:54 | Create | Scout Cavalry |
| 21:54 | Create | Scout Cavalry |
| 21:55 | Create | Scout Cavalry |
| 22:02 | Build | Stable |
| 22:13 | Create | Villager (Male) |
| 22:16 | Build | Lumber Camp |
| 22:49 | Create | Scout Cavalry |
| 22:49 | Create | Scout Cavalry |
| 22:52 | Create | Scout Cavalry |
| 22:57 | Build | House |
| 23:02 | Create | Scout Cavalry |
| 23:06 | Build | Farm |
| 23:12 | Create | Scout Cavalry |
| 23:14 | Create | Villager (Male) |
| 23:16 | Create | Villager (Male) |
| 23:42 | Build | Farm |
Build order — 柠檬头的喜悦
First 150 of 151 actions detected
| 0:01 | Create | Villager (Male) ×4 |
| 0:03 | Build | House |
| 0:04 | Build | House |
| 1:39 | Create | Villager (Male) |
| 1:44 | Build | Lumber Camp |
| 2:03 | Create | Villager (Male) |
| 2:19 | Create | Villager (Male) |
| 2:56 | Create | Villager (Male) |
| 3:17 | Create | Villager (Male) |
| 3:17 | Create | Villager (Male) |
| 3:31 | Build | House |
| 3:51 | Create | Villager (Male) ×2 |
| 3:51 | Create | Villager (Male) ×2 |
| 4:17 | Build | Mill |
| 4:35 | Create | Villager (Male) ×3 |
| 4:36 | Create | Villager (Male) ×3 |
| 5:37 | Create | Villager (Male) ×2 |
| 6:46 | Research | Loom |
| 7:23 | Research | Feudal Age |
| 7:23 | Research | Feudal Age |
| 7:35 | Build | House |
| 9:14 | Build | Mill |
| 9:27 | Create | Villager (Male) |
| 9:33 | Age | Feudal Age |
| 9:35 | Build | Stable |
| 9:39 | Build | Stable |
| 9:42 | Research | Double-Bit Axe |
| 10:00 | Create | Villager (Male) |
| 10:01 | Build | Farm |
| 10:34 | Create | Scout Cavalry |
| 10:34 | Create | Scout Cavalry |
| 10:37 | Build | Farm |
| 10:41 | Build | Farm |
| 10:43 | Build | House |
| 10:46 | Create | Scout Cavalry |
| 11:03 | Create | Villager (Male) |
| 11:09 | Create | Villager (Male) |
| 11:22 | Build | House |
| 11:33 | Build | Farm |
| 11:38 | Create | Scout Cavalry |
| 11:47 | Build | Farm |
| 11:53 | Build | House |
| 11:58 | Create | Villager (Male) |
| 12:02 | Build | Farm |
| 12:14 | Create | Villager (Male) |
| 12:37 | Create | Scout Cavalry |
| 12:43 | Create | Villager (Male) |
| 12:45 | Build | Farm |
| 13:03 | Create | Scout Cavalry |
| 13:06 | Build | Farm |
| 13:08 | Build | House |
| 13:21 | Create | Scout Cavalry |
| 13:25 | Build | Farm |
| 13:45 | Create | Scout Cavalry |
| 13:48 | Create | Villager (Male) |
| 13:51 | Build | House |
| 14:12 | Create | Scout Cavalry |
| 14:15 | Create | Villager (Male) |
| 14:31 | Create | Villager (Male) |
| 14:32 | Build | Farm |
| 14:34 | Build | House |
| 14:40 | Create | Scout Cavalry |
| 14:52 | Create | Villager (Male) |
| 14:54 | Build | Farm |
| 15:06 | Build | Blacksmith |
| 15:12 | Create | Scout Cavalry |
| 15:15 | Build | Farm |
| 15:31 | Create | Scout Cavalry ×2 |
| 15:37 | Build | Farm |
| 15:45 | Create | Villager (Male) |
| 15:55 | Build | Farm |
| 16:02 | Create | Villager (Male) |
| 16:16 | Build | Mining Camp |
| 16:19 | Research | Forging |
| 16:32 | Create | Scout Cavalry |
| 16:40 | Create | Villager (Male) |
| 16:49 | Create | Scout Cavalry |
| 16:54 | Build | Farm |
| 16:54 | Build | Farm |
| 16:54 | Build | Farm |
| 16:54 | Build | Farm |
| 16:54 | Build | Farm |
| 16:55 | Build | Farm |
| 16:59 | Build | House |
| 16:59 | Build | House |
| 17:03 | Create | Scout Cavalry |
| 17:11 | Create | Villager (Male) |
| 17:32 | Research | Town Watch |
| 17:32 | Create | Villager (Male) ×2 |
| 17:35 | Build | Farm |
| 17:45 | Create | Villager (Male) |
| 17:51 | Create | Scout Cavalry |
| 18:17 | Research | Scale Barding Armor |
| 18:20 | Build | Farm |
| 18:42 | Create | Scout Cavalry ×2 |
| 18:49 | Research | Bloodlines |
| 18:50 | Research | Bloodlines |
| 19:04 | Create | Villager (Male) ×2 |
| 19:24 | Create | Villager (Male) ×3 |
| 19:47 | Create | Scout Cavalry ×2 |
| 21:29 | Build | Stable |
| 21:40 | Research | Castle Age |
| 21:40 | Research | Castle Age |
| 21:52 | Research | Gold Mining |
| 22:02 | Research | Horse Collar |
| 22:03 | Research | Horse Collar |
| 22:37 | Build | Lumber Camp |
| 23:13 | Build | House |
| 23:59 | Build | Palisade Gate |
| 24:20 | Age | Castle Age |
| 24:23 | Create | Knight |
| 24:23 | Create | Knight |
| 24:32 | Research | Wheelbarrow |
| 24:40 | Build | Farm |
| 24:43 | Build | Farm |
| 24:50 | Create | Knight |
| 24:51 | Create | Knight |
| 24:59 | Research | Husbandry |
| 25:04 | Research | Iron Casting |
| 25:13 | Create | Knight |
| 25:13 | Create | Knight |
| 25:24 | Research | Bow Saw |
| 25:24 | Research | Bow Saw |
| 25:39 | Create | Knight ×5 |
| 25:48 | Create | Villager (Male) |
| 25:56 | Research | Chain Barding Armor |
| 25:56 | Research | Chain Barding Armor |
| 26:08 | Create | Knight |
| 26:15 | Create | Knight |
| 26:18 | Create | Villager (Male) |
| 26:29 | Build | House |
| 26:43 | Build | Farm |
| 27:05 | Create | Villager (Male) ×5 |
| 27:16 | Create | Knight ×3 |
| 27:18 | Build | Farm |
| 27:36 | Create | Knight |
| 27:40 | Build | House |
| 28:04 | Create | Knight |
| 28:12 | Build | House |
| 28:13 | Build | House |
| 28:35 | Create | Knight ×2 |
| 28:48 | Build | Mining Camp |
| 29:07 | Create | Knight ×2 |
| 29:11 | Research | Gold Shaft Mining |
| 29:27 | Create | Knight |
| 29:28 | Create | Villager (Male) ×5 |
| 29:38 | Build | Town Center |
| 30:01 | Create | Knight ×3 |
| 30:13 | Create | Villager (Male) ×5 |
| 30:23 | Create | Villager (Male) ×5 |
Build order — 93老玩家回归
First 150 of 174 actions detected
| 0:01 | Create | Villager (Male) ×4 |
| 0:03 | Build | House |
| 0:04 | Build | House |
| 0:09 | Build | House |
| 1:38 | Create | Villager (Male) |
| 1:38 | Create | Villager (Male) |
| 1:38 | Create | Villager (Male) |
| 2:06 | Create | Villager (Male) |
| 2:07 | Create | Villager (Male) |
| 2:31 | Create | Villager (Male) |
| 2:31 | Create | Villager (Male) |
| 3:02 | Create | Villager (Male) |
| 3:02 | Create | Villager (Male) |
| 3:02 | Create | Villager (Male) |
| 3:03 | Create | Villager (Male) |
| 3:03 | Create | Villager (Male) |
| 3:08 | Build | Mill |
| 3:38 | Create | Villager (Male) |
| 3:38 | Create | Villager (Male) |
| 4:24 | Create | Villager (Male) |
| 4:25 | Create | Villager (Male) |
| 4:25 | Create | Villager (Male) |
| 4:25 | Create | Villager (Male) |
| 4:25 | Create | Villager (Male) |
| 5:11 | Create | Villager (Male) |
| 5:11 | Create | Villager (Male) |
| 5:11 | Create | Villager (Male) |
| 5:38 | Create | Villager (Male) |
| 5:38 | Create | Villager (Male) |
| 5:56 | Create | Villager (Male) |
| 5:57 | Create | Villager (Male) |
| 6:05 | Research | Loom |
| 7:00 | Build | Lumber Camp |
| 7:21 | Research | Feudal Age |
| 9:05 | Build | Barracks |
| 9:10 | Build | House |
| 9:12 | Build | House |
| 9:25 | Create | Villager (Male) |
| 9:25 | Create | Villager (Male) |
| 9:31 | Age | Feudal Age |
| 10:00 | Build | House |
| 10:10 | Build | Stable |
| 10:12 | Create | Villager (Male) |
| 10:12 | Create | Villager (Male) |
| 10:13 | Create | Villager (Male) |
| 10:13 | Create | Villager (Male) |
| 11:06 | Build | Stable |
| 11:08 | Create | Scout Cavalry |
| 11:08 | Create | Scout Cavalry |
| 11:20 | Build | Farm |
| 11:21 | Create | Villager (Male) |
| 11:21 | Create | Villager (Male) |
| 12:04 | Create | Scout Cavalry ×4 |
| 12:08 | Build | Blacksmith |
| 12:19 | Create | Villager (Male) |
| 12:20 | Create | Villager (Male) |
| 12:23 | Build | Farm |
| 12:31 | Build | Farm |
| 12:40 | Create | Scout Cavalry |
| 12:40 | Create | Scout Cavalry |
| 12:44 | Build | Farm |
| 12:47 | Build | Farm |
| 12:55 | Build | House |
| 12:56 | Build | House |
| 13:02 | Build | House |
| 13:05 | Build | House |
| 13:06 | Build | House |
| 13:21 | Create | Villager (Male) |
| 13:21 | Create | Villager (Male) |
| 13:21 | Create | Villager (Male) |
| 13:36 | Build | Lumber Camp |
| 13:42 | Create | Scout Cavalry |
| 14:21 | Create | Villager (Male) |
| 14:21 | Create | Villager (Male) |
| 14:22 | Create | Villager (Male) |
| 14:26 | Build | Farm |
| 14:28 | Build | House |
| 14:29 | Build | House |
| 14:37 | Build | House |
| 14:39 | Build | House |
| 14:40 | Build | House |
| 15:41 | Build | Farm |
| 15:49 | Build | Farm |
| 15:50 | Research | Double-Bit Axe |
| 15:53 | Build | Farm |
| 15:55 | Create | Villager (Male) |
| 16:02 | Build | Farm |
| 16:03 | Build | Farm |
| 16:04 | Build | Farm |
| 16:05 | Build | Farm |
| 16:07 | Build | Farm |
| 16:08 | Build | Farm |
| 16:23 | Create | Villager (Male) |
| 16:23 | Create | Villager (Male) |
| 16:28 | Build | Farm |
| 16:29 | Build | Farm |
| 16:30 | Build | Farm |
| 16:32 | Build | Farm |
| 16:37 | Create | Villager (Male) |
| 16:37 | Create | Villager (Male) |
| 16:41 | Build | Farm |
| 18:08 | Build | Farm |
| 18:11 | Build | Farm |
| 18:16 | Build | Mining Camp |
| 18:18 | Create | Villager (Male) ×5 |
| 18:44 | Build | House |
| 18:45 | Build | House |
| 18:47 | Build | House |
| 18:48 | Build | House |
| 19:38 | Build | Farm |
| 19:39 | Build | Farm |
| 19:44 | Build | Farm |
| 19:48 | Build | Farm |
| 20:04 | Create | Scout Cavalry |
| 20:08 | Research | Bloodlines |
| 20:18 | Build | Farm |
| 20:45 | Research | Castle Age |
| 20:50 | Create | Scout Cavalry ×5 |
| 20:50 | Create | Scout Cavalry ×5 |
| 21:00 | Build | Stable |
| 21:01 | Build | Stable |
| 21:04 | Build | Stable |
| 21:11 | Create | Scout Cavalry ×2 |
| 21:11 | Create | Scout Cavalry ×2 |
| 21:36 | Research | Bloodlines |
| 21:50 | Research | Scale Barding Armor |
| 22:07 | Build | Farm |
| 22:15 | Create | Scout Cavalry ×2 |
| 22:21 | Create | Scout Cavalry |
| 22:44 | Create | Scout Cavalry |
| 22:44 | Create | Scout Cavalry |
| 23:12 | Create | Scout Cavalry ×3 |
| 23:12 | Create | Scout Cavalry ×3 |
| 23:16 | Build | Farm |
| 23:21 | Create | Villager (Male) |
| 23:21 | Create | Villager (Male) |
| 23:22 | Create | Villager (Male) |
| 23:25 | Age | Castle Age |
| 23:47 | Research | Husbandry |
| 23:47 | Create | Knight |
| 24:06 | Create | Knight ×2 |
| 24:06 | Create | Knight ×2 |
| 24:06 | Create | Knight ×2 |
| 24:12 | Create | Villager (Male) |
| 24:12 | Create | Villager (Male) |
| 24:49 | Create | Knight ×3 |
| 24:49 | Create | Knight ×3 |
| 24:57 | Create | Scout Cavalry ×2 |
| 24:57 | Create | Scout Cavalry ×2 |
| 25:25 | Build | Town Center |
Build order — Ypsilon
First 150 of 172 actions detected
| 0:10 | Create | Villager (Male) |
| 0:11 | Create | Villager (Male) |
| 0:11 | Create | Villager (Male) |
| 0:11 | Create | Villager (Male) |
| 0:11 | Create | Villager (Male) |
| 0:11 | Create | Villager (Male) |
| 0:13 | Build | House |
| 0:14 | Build | House |
| 1:09 | Research | Loom |
| 1:27 | Create | Villager (Male) |
| 1:27 | Create | Villager (Male) |
| 1:44 | Create | Villager (Male) |
| 1:44 | Create | Villager (Male) |
| 2:34 | Create | Villager (Male) |
| 2:34 | Create | Villager (Male) |
| 2:35 | Create | Villager (Male) |
| 2:35 | Create | Villager (Male) |
| 2:51 | Build | Lumber Camp |
| 3:58 | Build | House |
| 4:02 | Create | Villager (Male) |
| 4:02 | Create | Villager (Male) |
| 4:02 | Create | Villager (Male) |
| 4:03 | Create | Villager (Male) |
| 4:14 | Create | Villager (Male) |
| 4:14 | Create | Villager (Male) |
| 4:37 | Build | Mill |
| 4:46 | Create | Villager (Male) |
| 6:31 | Research | Feudal Age |
| 6:43 | Build | Barracks |
| 7:40 | Build | House |
| 8:26 | Build | Palisade Wall |
| 8:28 | Build | Palisade Wall |
| 9:07 | Age | Feudal Age |
| 9:15 | Build | Archery Range |
| 9:25 | Create | Villager (Male) |
| 9:26 | Create | Villager (Male) |
| 9:34 | Build | Mining Camp |
| 9:44 | Research | Double-Bit Axe |
| 9:58 | Create | Villager (Male) |
| 9:59 | Create | Archer |
| 10:00 | Create | Archer |
| 10:14 | Create | Villager (Male) |
| 10:31 | Build | House |
| 10:34 | Build | Palisade Wall |
| 10:40 | Create | Archer |
| 10:40 | Create | Archer |
| 11:28 | Create | Villager (Male) |
| 11:38 | Build | House |
| 12:05 | Create | Archer |
| 12:05 | Create | Archer |
| 12:25 | Build | Palisade Gate |
| 12:36 | Create | Villager (Male) |
| 12:36 | Create | Villager (Male) |
| 13:02 | Create | Villager (Male) |
| 13:03 | Create | Villager (Male) |
| 13:06 | Build | Archery Range |
| 13:19 | Create | Archer |
| 13:42 | Build | Farm |
| 13:44 | Build | Farm |
| 13:51 | Create | Archer |
| 13:57 | Build | Farm |
| 14:02 | Build | Farm |
| 14:09 | Create | Skirmisher |
| 14:28 | Build | Farm |
| 14:39 | Build | Mining Camp |
| 14:45 | Create | Skirmisher |
| 14:45 | Create | Skirmisher |
| 14:56 | Build | Farm |
| 14:57 | Build | Farm |
| 15:10 | Build | Blacksmith |
| 15:36 | Research | Wheelbarrow |
| 15:40 | Research | Horse Collar |
| 15:52 | Create | Villager (Male) |
| 15:52 | Create | Villager (Male) |
| 16:10 | Create | Skirmisher |
| 16:11 | Create | Skirmisher |
| 16:27 | Create | Villager (Male) |
| 16:27 | Create | Villager (Male) |
| 16:32 | Build | Watch Tower |
| 16:59 | Create | Skirmisher |
| 16:59 | Create | Skirmisher |
| 17:29 | Create | Spearman |
| 17:29 | Create | Spearman |
| 17:35 | Build | Palisade Wall |
| 17:36 | Build | Palisade Wall |
| 17:58 | Create | Archer |
| 17:58 | Create | Archer |
| 17:59 | Create | Archer |
| 17:59 | Create | Archer |
| 18:21 | Build | House |
| 18:22 | Build | House |
| 18:27 | Build | House |
| 18:44 | Build | Palisade Wall |
| 19:03 | Create | Archer |
| 19:03 | Create | Archer |
| 19:04 | Create | Villager (Male) |
| 19:30 | Create | Archer |
| 19:31 | Create | Villager (Male) |
| 19:31 | Create | Villager (Male) |
| 19:34 | Build | Farm |
| 19:35 | Build | Farm |
| 20:02 | Create | Villager (Male) |
| 20:11 | Create | Archer |
| 20:11 | Create | Archer |
| 20:23 | Build | Farm |
| 20:25 | Create | Villager (Male) |
| 20:38 | Create | Archer |
| 20:38 | Create | Archer |
| 20:52 | Research | Fletching |
| 21:10 | Create | Archer |
| 21:10 | Create | Archer |
| 21:13 | Create | Villager (Male) |
| 21:15 | Create | Villager (Male) |
| 21:20 | Build | Farm |
| 21:24 | Build | Farm |
| 21:34 | Create | Archer |
| 21:34 | Create | Archer |
| 22:04 | Create | Archer |
| 22:05 | Create | Archer |
| 22:05 | Create | Villager (Male) |
| 22:05 | Create | Villager (Male) |
| 22:36 | Create | Villager (Male) |
| 22:36 | Create | Villager (Male) |
| 22:37 | Create | Archer |
| 22:37 | Create | Archer |
| 23:09 | Research | Padded Archer Armor |
| 23:39 | Create | Archer |
| 23:39 | Create | Archer |
| 23:40 | Create | Villager (Male) |
| 23:40 | Create | Villager (Male) |
| 23:43 | Build | Farm |
| 23:43 | Build | Farm |
| 23:43 | Build | Farm |
| 23:44 | Build | Farm |
| 23:44 | Build | Farm |
| 23:49 | Build | Palisade Wall |
| 23:54 | Create | Archer |
| 23:54 | Create | Archer |
| 24:07 | Create | Archer |
| 24:33 | Build | Building 800 |
| 24:49 | Create | Archer |
| 24:50 | Create | Archer |
| 24:50 | Create | Villager (Male) |
| 24:51 | Create | Villager (Male) |
| 24:55 | Build | House |
| 24:58 | Build | Farm |
| 25:01 | Build | Farm |
| 25:22 | Create | Archer |
| 25:22 | Create | Archer |
| 25:30 | Research | Castle Age |
Build order — 張真源
First 150 of 227 actions detected
| 0:00 | Create | Villager (Male) |
| 0:00 | Create | Villager (Male) |
| 0:01 | Create | Villager (Male) |
| 0:02 | Build | House |
| 0:03 | Build | House |
| 0:04 | Create | Villager (Male) |
| 0:04 | Create | Villager (Male) |
| 1:38 | Create | Villager (Male) |
| 1:39 | Create | Villager (Male) |
| 2:09 | Build | Lumber Camp |
| 2:10 | Create | Villager (Male) |
| 2:10 | Create | Villager (Male) |
| 2:35 | Research | Loom |
| 2:35 | Research | Loom |
| 2:35 | Create | Villager (Male) |
| 2:36 | Create | Villager (Male) |
| 2:44 | Create | Villager (Male) |
| 2:44 | Create | Villager (Male) |
| 3:27 | Create | Villager (Male) |
| 3:27 | Create | Villager (Male) |
| 4:00 | Create | Villager (Male) |
| 4:08 | Create | Villager (Male) |
| 4:09 | Create | Villager (Male) |
| 6:03 | Build | Mill |
| 6:22 | Create | Villager (Male) |
| 6:24 | Create | Villager (Male) |
| 6:37 | Create | Villager (Male) |
| 6:37 | Create | Villager (Male) |
| 6:46 | Create | Villager (Male) |
| 6:46 | Create | Villager (Male) |
| 7:11 | Create | Villager (Male) |
| 7:11 | Create | Villager (Male) |
| 7:16 | Build | House |
| 7:48 | Create | Villager (Male) |
| 7:48 | Create | Villager (Male) |
| 8:28 | Create | Villager (Male) |
| 8:29 | Create | Villager (Male) |
| 9:10 | Create | Villager (Male) |
| 9:22 | Build | Mill |
| 10:45 | Build | Farm |
| 10:47 | Build | Farm |
| 10:49 | Create | Villager (Male) |
| 10:50 | Create | Villager (Male) |
| 11:08 | Create | Villager (Male) |
| 11:08 | Create | Villager (Male) |
| 11:09 | Create | Villager (Male) |
| 11:15 | Create | Villager (Male) |
| 11:15 | Create | Villager (Male) |
| 11:20 | Build | Farm |
| 12:01 | Create | Villager (Male) |
| 12:02 | Create | Villager (Male) |
| 12:05 | Build | Farm |
| 12:32 | Build | House |
| 13:01 | Build | Farm |
| 13:01 | Create | Villager (Male) |
| 13:39 | Create | Villager (Male) |
| 13:52 | Build | House |
| 14:02 | Create | Villager (Male) |
| 14:08 | Build | House |
| 14:29 | Build | Farm |
| 14:35 | Create | Villager (Male) |
| 14:45 | Create | Villager (Male) |
| 14:53 | Research | Feudal Age |
| 14:53 | Research | Feudal Age |
| 15:10 | Build | Mining Camp |
| 15:28 | Create | Villager (Male) |
| 16:00 | Build | House |
| 16:03 | Build | House |
| 16:11 | Build | Palisade Wall |
| 16:44 | Build | Barracks |
| 17:10 | Age | Feudal Age |
| 17:12 | Create | Villager (Male) |
| 17:25 | Build | Archery Range |
| 17:42 | Research | Double-Bit Axe |
| 17:42 | Research | Double-Bit Axe |
| 17:42 | Research | Double-Bit Axe |
| 17:43 | Create | Villager (Male) |
| 17:43 | Create | Villager (Male) |
| 17:43 | Create | Villager (Male) |
| 18:25 | Build | Archery Range |
| 18:31 | Create | Villager (Male) |
| 18:32 | Create | Archer |
| 18:42 | Build | Lumber Camp |
| 18:53 | Create | Villager (Male) |
| 19:05 | Build | House |
| 19:07 | Build | House |
| 19:09 | Create | Archer |
| 19:15 | Research | Gold Mining |
| 19:16 | Research | Gold Mining |
| 19:28 | Create | Archer |
| 19:30 | Create | Villager (Male) |
| 19:40 | Build | Archery Range |
| 19:43 | Create | Archer |
| 19:43 | Create | Archer |
| 20:04 | Build | Farm |
| 20:05 | Create | Villager (Male) |
| 20:21 | Create | Archer |
| 20:21 | Create | Archer |
| 20:26 | Build | House |
| 20:30 | Create | Villager (Male) |
| 20:35 | Create | Archer |
| 20:38 | Build | House |
| 20:40 | Build | House |
| 20:40 | Create | Villager (Male) |
| 20:43 | Build | House |
| 20:45 | Create | Archer |
| 20:45 | Create | Archer |
| 21:01 | Build | Farm |
| 21:02 | Build | Farm |
| 21:02 | Build | Farm |
| 21:05 | Create | Archer |
| 21:06 | Create | Archer |
| 21:24 | Build | Blacksmith |
| 21:25 | Create | Archer |
| 21:26 | Create | Archer |
| 21:26 | Create | Archer |
| 21:31 | Create | Archer |
| 21:31 | Create | Archer |
| 21:31 | Create | Archer |
| 21:32 | Create | Villager (Male) |
| 21:32 | Create | Villager (Male) |
| 21:32 | Create | Villager (Male) |
| 21:41 | Create | Archer |
| 21:42 | Create | Archer |
| 21:42 | Create | Archer |
| 21:54 | Create | Archer |
| 21:55 | Create | Archer |
| 22:10 | Research | Fletching |
| 22:10 | Research | Fletching |
| 22:10 | Research | Fletching |
| 22:14 | Build | Farm |
| 22:15 | Build | Farm |
| 22:18 | Create | Villager (Male) |
| 22:20 | Build | Farm |
| 22:20 | Build | Farm |
| 22:21 | Create | Villager (Male) |
| 22:25 | Create | Archer |
| 22:26 | Create | Archer |
| 22:38 | Create | Archer |
| 22:38 | Create | Archer |
| 22:47 | Create | Archer |
| 22:54 | Create | Archer |
| 22:54 | Create | Archer |
| 22:55 | Create | Villager (Male) |
| 22:55 | Create | Villager (Male) |
| 22:58 | Build | Farm |
| 23:00 | Build | Farm |
| 23:00 | Build | Farm |
| 23:19 | Create | Villager (Male) |
| 23:21 | Build | House |
Match timeline
| 2:59 | Burgeri · wall_segment Palisade Wall x1 |
| 3:06 | Burgeri · wall_segment Palisade Wall x1 |
| 3:12 | Burgeri · wall_segment Palisade Wall x1 |
| 3:14 | Burgeri · wall_segment Palisade Wall x1 |
| 3:15 | Burgeri · wall_segment Palisade Wall x1 |
| 6:43 | Ypsilon · first_building Barracks |
| 7:30 | caizhi · first_building Barracks |
| 8:19 | [CL] Marcianeke · first_building Barracks |
| 8:26 | Ypsilon · wall_segment Palisade Wall x4 |
| 8:27 | caizhi · age_up feudal |
| 8:28 | Ypsilon · wall_segment Palisade Wall x2 |
| 8:30 | 菊市有大便 · first_building Barracks |
| 8:30 | caizhi · first_building Stable |
| 9:05 | 93老玩家回归 · first_building Barracks |
| 9:07 | Ypsilon · age_up feudal |
| 9:15 | Ypsilon · first_building Archery Range |
| 9:16 | 菊市有大便 · age_up feudal |
| 9:17 | 菊市有大便 · first_building Archery Range |
| 9:31 | 93老玩家回归 · age_up feudal |
| 9:33 | 柠檬头的喜悦 · age_up feudal |
| 9:35 | 柠檬头的喜悦 · first_building Stable |
| 10:06 | [CL] Marcianeke · age_up feudal |
| 10:07 | [CL] Marcianeke · first_building Stable |
| 10:10 | 93老玩家回归 · first_building Stable |
| 10:34 | Ypsilon · wall_segment Palisade Wall x3 |
| 11:44 | [CL] Marcianeke · wall_segment Palisade Wall x2 |
| 14:07 | [CL] Marcianeke · wall_segment Palisade Wall x3 |
| 14:41 | [CL] Marcianeke · wall_segment Palisade Wall x5 |
| 15:38 | Burgeri · first_building Barracks |
| 15:39 | [CL] Marcianeke · wall_segment Palisade Wall x12 |
| 15:46 | Burgeri · wall_segment Palisade Wall x1 |
| 15:47 | Burgeri · wall_segment Palisade Wall x1 |
| 15:48 | Burgeri · wall_segment Palisade Wall x1 |
| 16:11 | 張真源 · wall_segment Palisade Wall x1 |
| 16:35 | caizhi · wall_segment Palisade Wall x15 |
| 16:44 | 張真源 · first_building Barracks |
| 16:48 | Burgeri · age_up feudal |
| 16:52 | Burgeri · first_building Stable |
| 17:10 | 張真源 · age_up feudal |
| 17:25 | 張真源 · first_building Archery Range |
| 17:35 | Ypsilon · wall_segment Palisade Wall x1 |
| 17:36 | Ypsilon · wall_segment Palisade Wall x1 |
| 17:48 | [CL] Marcianeke · wall_segment Palisade Wall x6 |
| 18:20 | 菊市有大便 · wall_segment Palisade Wall x4 |
| 18:22 | caizhi · wall_segment Palisade Wall x1 |
| 18:34 | 菊市有大便 · wall_segment Palisade Wall x18 |
| 18:44 | Ypsilon · wall_segment Palisade Wall x1 |
| 19:02 | 菊市有大便 · wall_segment Palisade Wall x9 |
| 19:18 | [CL] Marcianeke · wall_segment Palisade Wall x1 |
| 19:24 | [CL] Marcianeke · wall_segment Palisade Wall x1 |
| 20:21 | [CL] Marcianeke · wall_segment Palisade Wall x1 |
| 21:22 | [CL] Marcianeke · wall_segment Palisade Wall x2 |
| 21:26 | 菊市有大便 · wall_segment Stone Wall x3 |
| 21:44 | caizhi · first_market_sell 100 wood |
| 21:45 | caizhi · first_market_buy 100 food |
| 22:47 | 菊市有大便 · wall_segment Stone Wall x1 |
| 22:48 | 菊市有大便 · wall_segment Palisade Wall x1 |
| 23:25 | 93老玩家回归 · age_up castle |
| 23:41 | 張真源 · wall_segment Palisade Wall x1 |
| 23:49 | Ypsilon · wall_segment Palisade Wall x9 |
| 24:06 | 菊市有大便 · wall_segment Stone Wall x16 |
| 24:11 | 菊市有大便 · age_up castle |
| 24:20 | 柠檬头的喜悦 · age_up castle |
| 24:58 | caizhi · age_up castle |
| 25:31 | caizhi · first_building Monastery |
| 26:01 | [CL] Marcianeke · wall_segment Palisade Wall x1 |
| 26:09 | [CL] Marcianeke · wall_segment Palisade Wall x2 |
| 27:00 | Burgeri · resign |
| 27:28 | [CL] Marcianeke · age_up castle |
| 28:21 | Ypsilon · age_up castle |
| 29:37 | 張真源 · age_up castle |
[ AI ANALYSIS · 1 CREDIT ]
What really happened in this match?
Wolo.gg analyzes every decision: build order, eco, micro, common mistakes by bracket. Personalized analysis on WhatsApp or Discord in 30 seconds.
Civ guide
Magyars
Perfil
Jugador #2930615